 Dungeon Sprint DCSS version 0.31-a0-819-gf6de2f5ab6 (webtiles) character file.

Game seed: 16760449681920984561

140 sircluck the Ruffian (level 5, -3/57 HPs)
             Began as a Troll Berserker on Sept 23, 2023.
             Was a Follower of Trog.
             Slain by a tarantella (15 damage)
             ... in the Dungeon (Sprint VII: "The Pits").
             The game lasted 00:00:40 (116 turns).

sircluck the Ruffian (Troll Berserker)               Turns: 116, Time: 00:00:41

Health: -3/57      AC:  4    Str: 27    XL:     5   Next: 2%
Magic:  4/4        EV: 11    Int:  3    God:    Trog [*.....]
Gold:   0          SH:  0    Dex:  9    Spells: 4/4 levels left

rFire   . .          .
                       - Unarmed
rCold   . . .        (no shield)
rNeg    . . .        a - +0 animal skin
rPois   .            (helmet restricted)
rElec   .            (no cloak)
rCorr   .            (gloves unavailable)
SInv    .            (boots unavailable)
Will    .....        (no amulet)
Stlth   +            (no ring)
HPRegen 1.09/turn    (no ring)
MPRegen 0.09/turn

%: no teleportation
@: no status effects
A: large, unfitting armour, claws 3, regeneration 1, shaggy fur 1, tough skin 1
a: Renounce Religion, Berserk


You were in the Dungeon.
You worshipped Trog.
Trog was aware of your devotion.
You visited 1 branch

Inventory:

Armour
 a - a +0 animal skin (worn)
Scrolls
 g - a scroll of blinking
Potions
 b - a potion of curing
 c - a potion of heal wounds
 d - a potion of haste
 e - 2 potions of magic
 f - a potion of berserk rage


   Skills:
 + Level 5.4 Fighting
 + Level 5.3 Dodging
 + Level 6.4 Unarmed Combat


You had 4 spell levels left.
You didn't know any spells.
Your spell library was empty.

Dungeon Overview and Level Annotations

Branches:
Dungeon (1/1)

Altars:


Innate Abilities, Weirdness & Mutations

You are too large for most types of armour.
You have claws for hands.
Your natural rate of healing is unusually fast.
You are covered in fur. (AC +1)
You have tough skin. (AC +1)


Message History

You start resting.
You are no longer berserk.
You are exhausted.
You feel yourself slow down.
You start resting.
HP restored.
You start waiting.
You feel yourself speed up.
You start waiting.
You recover from your berserk rage.
There is a huge open gate to the Metal Vault (Medium) here.
There is a huge open gate to the Metal Vault (Medium) here.
There is a huge open gate to the Metal Vault (Medium) here.
There is a huge open gate to the Metal Vault (Medium) here.
You open the huge gate.
There is a huge open gate leading to the Armoury (Hard) here.
A tarantella comes into view.
The tarantella's many legs skitter faintly.
An ice devil comes into view.
There is a huge open gate here.
There is a huge open gate leading to the Armoury (Hard) here.
You closely miss the tarantella. The tarantella completely misses you.
You mangle the tarantella!! Your claw misses the tarantella.
The tarantella is severely wounded.
The tarantella barely misses you.
You miss the tarantella.
The tarantella is severely wounded.
The tarantella touches you! x2
You barely miss the tarantella.
The tarantella is severely wounded.
The tarantella touches you!
You scratch the tarantella.
The tarantella is severely wounded.
The tarantella closely misses you.
You barely miss the tarantella.
The tarantella is severely wounded.
The tarantella touches you!
* * * LOW HITPOINT WARNING * * *
The tarantella touches you!
You die...

##########++###### ###
#................# ..#
#......#..#......##..#
#................''..#
+.......@s.......''..#
#......#..#......##......
#................# ......
####'#####''###### ######
#.......##''#####
#.......##......+
#.......##......+
#...<...##.....##
#.......##...###


You could see a tarantella.

Vanquished Creatures
  A steam dragon (D)
  An adder (D)
2 creatures vanquished.

Notes
Turn   | Place    | Note
-------+----------+-------------------------------------------
     0 | D        | sircluck the Troll Berserker began the quest for the Orb.
     0 | D        | Reached XP level 1. HP: 22/22 MP: 0/0
    11 | D        | Noticed a steam dragon
    39 | D        | Reached XP level 2. HP: 31/31 MP: 1/1
    42 | D        | Killed a steam dragon
    43 | D        | Reached skill level 5 in Fighting
    43 | D        | Reached skill level 5 in Dodging
    43 | D        | Reached skill level 6 in Unarmed Combat
    43 | D        | Reached XP level 3. HP: 34/42 MP: 2/2
    43 | D        | Reached XP level 4. HP: 40/50 MP: 3/3
    43 | D        | Reached XP level 5. HP: 46/57 MP: 4/4
   100 | D        | Noticed a tarantella
   100 | D        | Noticed an ice devil
   116 | D        | Slain by a tarantella

Illustrated notes

Levels and vault maps discovered:
D:        pitsprint [storerooms_1, entrance_room_1, metal_vault_4, armoury_2,
          mini_pit_1, grid_room_1, main_hall_1, silver_pit, the_coven_1,
          the_vestibule_1, steel_vault_2, golden_pit, hallway_of_sentries,
          crystal_vault_2, iron_vault_1, final_vault]

Skill      XL: |  1  2 |
---------------+-------+-----
Fighting       | 3 5 |  5.4
Dodging        | 3 5 |  5.3
Unarmed Combat | 6 |  6.4

Action                     |  1- 3 |  4- 6 || total
---------------------------+-------+-------++-------
  Melee: Unarmed           |     9 |     6 ||    15
 Invoke: Berserk           |     1 |       ||     1
 Armour: Animal skin       |    12 |     5 ||    17
  Dodge: Dodged            |     4 |     3 ||     7

Table legend: (Time is in decaauts)
 A = Elapsed time spent in this place.
 B = Non-inter-level travel time spent in this place.
 C = Inter-level travel time spent in this place.
 D = Time resting spent in this place.
 E = Time spent auto-exploring this place.
 F = Levels seen in this place.
 G = Mean time per level.
                   A        B        C        D        E       F      G
               +--------+--------+--------+--------+--------+-----+--------+
         Total |    123 |    123 |      0 |     66 |     11 |   1 |  123.0 |
       Dungeon |    123 |    123 |      0 |     66 |     11 |   1 |  123.0 |
               +--------+--------+--------+--------+--------+-----+--------+

Top non-repeatable levels by time:
       D: 123 daAuts
